2828 views
Uploaded 2020-01-27 22:19:33
Game version 1.32.0.6
21:52 long 2on2 ladder game on (4)TurtleRock
Saved by SouL
2828 views
Uploaded 2020-01-27 22:19:33
Game version 1.32.0.6
21:52 long 2on2 ladder game on (4)TurtleRock


83 units @ 12.1k
/ 1.1k
30 buildings @ 4.9k
/ 1.8k

| Rod of Necromancy | 1 | 150 |
| Scroll of Town Portal | 3 | 1050 |
| Scroll of Healing | 1 | 250 |
| total: | 5 | 1450g |
| Acolyte | 7 | 525 | / | 0 |
| Ghoul | 43 | 5160 | / | 0 |
| Obsidian Statue | 5 | 1000 | / | 175 |
| total: | 55 | 6685g | / | 175w |
| Spirit Tower | 1 | 145 | / | 40 |
| Nerubian Tower | 1 | 100 | / | 20 |
| Crypt | 3 | 600 | / | 150 |
| Altar of Darkness | 1 | 180 | / | 50 |
| Ziggurat | 6 | 900 | / | 300 |
| Necropolis | 1 | 225 | / | 0 |
| Tomb of Relics | 2 | 260 | / | 60 |
| Graveyard | 1 | 215 | / | 0 |
| Slaughterhouse | 1 | 140 | / | 135 |
| Halls of the Dead | 1 | 320 | / | 210 |
| Black Citadel | 1 | 325 | / | 230 |
| total: | 15 | 2520g | / | 695w |
| 0:03 | Acolyte |
| 0:03 | Acolyte |
| 0:08 | Crypt |
| 0:10 | Altar of Darkness |
| 0:33 | Ziggurat |
| 0:43 | Acolyte |
| 1:06 | Necropolis |
| 1:15 | Ghoul |
| 1:31 | Ghoul |
| 1:42 | Ghoul |
| 2:02 | Ghoul |
| 2:07 | Tomb of Relics |
| 2:24 | Carrion Swarm |
| 2:29 | Ghoul |
| 3:17 | Ghoul |
| 3:20 | Graveyard |
| 3:34 | Ghoul |
| 3:41 | Ghoul |
| 3:43 | Halls of the Dead |
| 4:06 | Ghoul |
| 4:14 | Vampiric Aura |
| 4:21 | Ziggurat |
| 4:23 | Tomb of Relics |
| 4:25 | Ziggurat |
| 4:43 | Acolyte |
| 4:43 | Acolyte |
| 5:03 | Acolyte |
| 5:34 | Spirit Tower |
| 5:35 | Nerubian Tower |
| 5:38 | Ziggurat |
| 5:57 | Acolyte |
| 6:07 | Ghoul |
| 6:24 | Vampiric Aura |
| 6:34 | Ghoul |
| 6:37 | Crypt |
| 7:23 | Black Citadel |
| 7:24 | Unholy Strength |
| 7:25 | Unholy Armor |
| 7:44 | Ghoul |
| 7:44 | Ghoul |
| 7:45 | Crypt |
| 7:46 | Ziggurat |
| 7:47 | Ziggurat |
| 7:52 | Rod of Necromancy |
| 7:57 | Ghoul |
| 8:54 | Ghoul |
| 9:11 | Ghoul |
| 9:23 | Improved Unholy Strength |
| 9:26 | Ghoul |
| 9:31 | Slaughterhouse |
| 9:46 | Ghoul Frenzy |
| 9:48 | Ghoul |
| 9:54 | Ghoul |
| 9:59 | Carrion Swarm |
| 10:11 | Ghoul |
| 10:41 | Ghoul |
| 10:43 | Obsidian Statue |
| 10:43 | Obsidian Statue |
| 10:44 | Destroyer Form |
| 11:12 | Scroll of Town Portal |
| 11:17 | Ghoul |
| 11:29 | Advanced Unholy Strength |
| 11:44 | Ghoul |
| 12:31 | Improved Unholy Armor |
| 13:12 | Ghoul |
| 13:30 | Ghoul |
| 13:50 | Ghoul |
| 13:59 | Vampiric Aura |
| 14:31 | Ghoul |
| 14:31 | Ghoul |
| 14:33 | Obsidian Statue |
| 14:40 | Scroll of Town Portal |
| 14:47 | Scroll of Healing |
| 15:06 | Ghoul |
| 15:52 | Ghoul |
| 16:06 | Ghoul |
| 16:07 | Ghoul |
| 16:21 | Ghoul |
| 17:27 | Ghoul |
| 17:45 | Ghoul |
| 17:46 | Ghoul |
| 17:48 | Advanced Unholy Armor |
| 18:03 | Obsidian Statue |
| 18:15 | Obsidian Statue |
| 18:15 | Ghoul |
| 18:16 | Ghoul |
| 18:21 | Scroll of Town Portal |
| 19:17 | Ghoul |
| 20:30 | Inferno |
| 20:48 | Ghoul |
| 20:48 | Ghoul |
| 20:50 | Ghoul |
| 21:25 | Ghoul |
| Right click | 993 |
| Select | 536 |
| Select group | 462 |
| Build/train/purchase | 155 |
| Assign group | 63 |
| Misc. action | 60 |
| Use ability | 30 |
| Minimap ping | 21 |
| Resource trade | 12 |
| Chat | 4 |
| Item give/drop | 2 |
| Remove unit | 2 |


| Rod of Necromancy | 1 | 150 |
| Sacrificial Skull | 1 | 50 |
| Orb of Corruption | 1 | 375 |
| Potion of Healing | 1 | 150 |
| Potion of Mana | 2 | 400 |
| Scroll of Healing | 3 | 750 |
| Scroll of Town Portal | 1 | 350 |
| total: | 10 | 2225g |
| Acolyte | 5 | 375 | / | 0 |
| Ghoul | 3 | 360 | / | 0 |
| Crypt Fiend | 18 | 3870 | / | 720 |
| Frost Wyrm | 2 | 770 | / | 240 |
| total: | 28 | 5375g | / | 960w |
| Nerubian Tower | 1 | 100 | / | 20 |
| Graveyard | 1 | 215 | / | 0 |
| Crypt | 2 | 400 | / | 100 |
| Altar of Darkness | 1 | 180 | / | 50 |
| Ziggurat | 7 | 1050 | / | 350 |
| Tomb of Relics | 1 | 130 | / | 30 |
| Sacrificial Pit | 1 | 75 | / | 150 |
| Boneyard | 2 | 350 | / | 400 |
| Halls of the Dead | 2 | 640 | / | 420 |
| Black Citadel | 1 | 325 | / | 230 |
| total: | 15 | 2400g | / | 1080w |
| 0:02 | Acolyte |
| 0:02 | Acolyte |
| 0:14 | Graveyard |
| 0:20 | Crypt |
| 0:22 | Crypt |
| 0:42 | Altar of Darkness |
| 0:57 | Ziggurat |
| 1:11 | Tomb of Relics |
| 1:23 | Ghoul |
| 1:49 | Crypt Fiend |
| 1:59 | Ziggurat |
| 2:22 | Crypt Fiend |
| 2:49 | Death Coil |
| 2:50 | Rod of Necromancy |
| 2:51 | Sacrificial Skull |
| 3:18 | Crypt Fiend |
| 3:34 | Crypt Fiend |
| 3:57 | Ziggurat |
| 4:14 | Unholy Aura |
| 4:46 | Crypt Fiend |
| 5:05 | Halls of the Dead |
| 5:23 | Acolyte |
| 5:29 | Nerubian Tower |
| 5:51 | Acolyte |
| 6:08 | Halls of the Dead |
| 6:15 | Creature Attack |
| 6:25 | Death Coil |
| 7:06 | Crypt Fiend |
| 7:07 | Crypt Fiend |
| 7:17 | Crypt Fiend |
| 8:02 | Ziggurat |
| 8:03 | Creature Carapace |
| 8:57 | Crypt Fiend |
| 9:16 | Crypt Fiend |
| 9:31 | Ghoul |
| 9:31 | Ghoul |
| 9:59 | Crypt Fiend |
| 10:38 | Crypt Fiend |
| 10:44 | Frost Nova |
| 10:49 | Orb of Corruption |
| 10:50 | Scroll of Healing |
| 11:13 | Unholy Aura |
| 11:15 | Crypt Fiend |
| 11:44 | Black Citadel |
| 12:22 | Sacrificial Pit |
| 13:34 | Frost Armor |
| 14:26 | Death Coil |
| 14:27 | Crypt Fiend |
| 14:30 | Boneyard |
| 14:31 | Boneyard |
| 14:32 | Ziggurat |
| 14:32 | Ziggurat |
| 14:33 | Ziggurat |
| 14:43 | Scroll of Town Portal |
| 14:44 | Potion of Healing |
| 14:45 | Potion of Mana |
| 14:46 | Scroll of Healing |
| 14:49 | Frost Nova |
| 14:58 | Crypt Fiend |
| 15:07 | Acolyte |
| 16:35 | Crypt Fiend |
| 17:03 | Frost Armor |
| 17:44 | Web |
| 17:47 | Frost Wyrm |
| 18:13 | Crypt Fiend |
| 18:33 | Potion of Mana |
| 19:14 | Scroll of Healing |
| 20:00 | Crypt Fiend |
| 21:06 | Animate Dead |
| 21:17 | Frost Wyrm |
| Right click | 1664 |
| Select group | 1085 |
| Select | 304 |
| Build/train/purchase | 69 |
| Use ability | 41 |
| Assign group | 36 |
| Misc. action | 8 |
| Resource trade | 6 |
| Item give/drop | 2 |
| Minimap ping | 2 |
| Remove unit | 1 |
102 units @ 12.3k
/ 1.5k
46 buildings @ 6k
/ 2.7k



| Scroll of Regeneration | 1 | 100 |
| Lesser Clarity Potion | 1 | 70 |
| Scroll of Healing | 5 | 1250 |
| Scroll of Town Portal | 1 | 350 |
| Potion of Lesser Invulnerability | 1 | 150 |
| total: | 9 | 1920g |
| Peasant | 17 | 1275 | / | 0 |
| Footman | 11 | 1485 | / | 0 |
| Rifleman | 11 | 2255 | / | 330 |
| Priest | 9 | 1215 | / | 90 |
| total: | 48 | 6230g | / | 420w |
| Scout Tower | 8 | 240 | / | 160 |
| Arcane Tower | 1 | 70 | / | 50 |
| Guard Tower | 4 | 280 | / | 200 |
| Farm | 11 | 880 | / | 220 |
| Altar of Kings | 1 | 180 | / | 50 |
| Barracks | 2 | 320 | / | 120 |
| Town Hall | 1 | 385 | / | 205 |
| Arcane Vault | 1 | 130 | / | 30 |
| Lumber Mill | 1 | 120 | / | 0 |
| Blacksmith | 1 | 140 | / | 60 |
| Arcane Sanctum | 2 | 300 | / | 280 |
| Keep | 1 | 320 | / | 210 |
| Castle | 2 | 720 | / | 420 |
| total: | 28 | 2695g | / | 1125w |
| 0:03 | Peasant |
| 0:04 | Peasant |
| 0:05 | Farm |
| 0:07 | Altar of Kings |
| 0:21 | Barracks |
| 0:33 | Peasant |
| 0:33 | Peasant |
| 0:42 | Peasant |
| 0:55 | Peasant |
| 1:05 | Farm |
| 1:21 | Footman |
| 1:31 | Farm |
| 1:38 | Footman |
| 2:05 | Peasant |
| 2:05 | Peasant |
| 2:06 | Peasant |
| 2:10 | Summon Water Elemental |
| 2:16 | Footman |
| 2:17 | Peasant |
| 2:36 | Peasant |
| 2:38 | Footman |
| 2:50 | Farm |
| 3:23 | Brilliance Aura |
| 3:27 | Town Hall |
| 3:34 | Footman |
| 3:47 | Arcane Vault |
| 4:11 | Footman |
| 4:17 | Peasant |
| 4:33 | Scroll of Regeneration |
| 4:33 | Lesser Clarity Potion |
| 4:42 | Summon Water Elemental |
| 4:48 | Defend |
| 4:53 | Scout Tower |
| 4:54 | Peasant |
| 5:05 | Lumber Mill |
| 5:34 | Arcane Tower |
| 5:43 | Footman |
| 5:43 | Footman |
| 5:44 | Peasant |
| 5:44 | Peasant |
| 5:46 | Blacksmith |
| 5:55 | Footman |
| 5:58 | Barracks |
| 6:02 | Scout Tower |
| 6:04 | Scout Tower |
| 6:08 | Scout Tower |
| 6:32 | Footman |
| 6:33 | Footman |
| 6:35 | Guard Tower |
| 6:44 | Guard Tower |
| 7:10 | Rifleman |
| 7:10 | Rifleman |
| 7:22 | Peasant |
| 7:22 | Peasant |
| 7:31 | Keep |
| 7:37 | Scroll of Healing |
| 8:07 | Rifleman |
| 8:48 | Rifleman |
| 9:00 | Brilliance Aura |
| 9:25 | Farm |
| 9:27 | Black Gunpowder |
| 9:28 | Studded Leather Armor |
| 9:48 | Farm |
| 9:53 | Castle |
| 9:56 | Farm |
| 9:58 | Arcane Sanctum |
| 10:02 | Arcane Sanctum |
| 10:16 | Scout Tower |
| 10:21 | Scroll of Healing |
| 10:22 | Scroll of Healing |
| 11:14 | Refined Gunpowder |
| 11:18 | Scout Tower |
| 11:20 | Scout Tower |
| 11:21 | Scout Tower |
| 11:24 | Improved Masonry |
| 11:31 | Priest |
| 11:33 | Priest Adept Training |
| 11:34 | Priest |
| 11:49 | Storm Bolt |
| 11:55 | Rifleman |
| 12:04 | Priest |
| 12:06 | Guard Tower |
| 13:35 | Thunder Clap |
| 13:38 | Rifleman |
| 13:38 | Rifleman |
| 14:21 | Guard Tower |
| 14:23 | Summon Water Elemental |
| 14:52 | Farm |
| 14:57 | Farm |
| 15:02 | Farm |
| 15:04 | Farm |
| 15:42 | Priest |
| 15:43 | Priest |
| 16:06 | Rifleman |
| 16:06 | Rifleman |
| 16:07 | Priest |
| 16:07 | Priest |
| 16:33 | Thunder Clap |
| 16:43 | Rifleman |
| 16:48 | Holy Light |
| 17:25 | Rifleman |
| 17:50 | Imbued Gunpowder |
| 17:50 | Reinforced Leather Armor |
| 17:58 | Long Rifles |
| 18:34 | Potion of Lesser Invulnerability |
| 18:34 | Scroll of Healing |
| 18:34 | Scroll of Healing |
| 18:42 | Scroll of Town Portal |
| 19:17 | Priest Master Training |
| 20:25 | Mass Teleport |
| 20:28 | Divine Shield |
| 20:49 | Priest |
| 20:49 | Priest |
| 21:16 | Holy Light |
| 21:22 | Storm Bolt |
| Right click | 2018 |
| Select group | 1775 |
| Misc. action | 603 |
| Select | 478 |
| Assign group | 211 |
| Build/train/purchase | 205 |
| Chat | 105 |
| Use ability | 24 |
| Minimap ping | 10 |
| Item give/drop | 5 |
| Resource trade | 5 |


| Lesser Clarity Potion | 4 | 280 |
| Staff of Preservation | 2 | 300 |
| Orb of Venom | 2 | 650 |
| Potion of Healing | 3 | 450 |
| Moonstone | 2 | 100 |
| Scroll of Town Portal | 2 | 700 |
| total: | 15 | 2480g |
| Wisp | 33 | 1980 | / | 0 |
| Archer | 7 | 910 | / | 70 |
| Dryad | 8 | 1160 | / | 480 |
| Mountain Giant | 3 | 1050 | / | 300 |
| Chimaera | 3 | 990 | / | 210 |
| total: | 54 | 6090g | / | 1060w |
| Ancient Protector | 2 | 270 | / | 160 |
| Altar of Elders | 1 | 180 | / | 50 |
| Moon Well | 7 | 1260 | / | 280 |
| Ancient of War | 1 | 150 | / | 60 |
| Ancient of Wonders | 1 | 90 | / | 30 |
| Hunter's Hall | 1 | 210 | / | 100 |
| Tree of Life | 2 | 680 | / | 370 |
| Ancient of Lore | 2 | 310 | / | 290 |
| Chimaera Roost | 1 | 140 | / | 190 |
| Tree of Ages | 1 | 320 | / | 180 |
| Tree of Eternity | 1 | 330 | / | 200 |
| total: | 18 | 3290g | / | 1530w |
| 0:02 | Wisp |
| 0:02 | Wisp |
| 0:02 | Wisp |
| 0:04 | Altar of Elders |
| 0:11 | Moon Well |
| 0:23 | Ancient of War |
| 0:32 | Wisp |
| 0:40 | Wisp |
| 0:48 | Wisp |
| 0:55 | Wisp |
| 1:16 | Wisp |
| 1:24 | Archer |
| 1:28 | Wisp |
| 1:46 | Moon Well |
| 1:56 | Wisp |
| 2:03 | Force of Nature |
| 2:23 | Moon Well |
| 2:26 | Ancient of Wonders |
| 2:33 | Wisp |
| 2:33 | Wisp |
| 2:38 | Archer |
| 3:03 | Archer |
| 3:05 | Wisp |
| 3:18 | Wisp |
| 3:30 | Tree of Ages |
| 3:39 | Entangling Roots |
| 3:51 | Moon Well |
| 3:52 | Archer |
| 4:21 | Hunter's Hall |
| 4:35 | Archer |
| 4:56 | Archer |
| 5:21 | Moon Well |
| 5:25 | Archer |
| 5:31 | Ultravision |
| 5:51 | Force of Nature |
| 5:54 | Improved Bows |
| 5:55 | Wisp |
| 5:57 | Ancient of Lore |
| 6:00 | Ancient of Lore |
| 6:10 | Wisp |
| 6:10 | Wisp |
| 6:21 | Lesser Clarity Potion |
| 6:38 | Wisp |
| 7:16 | Nature's Blessing |
| 7:16 | Dryad |
| 7:17 | Abolish Magic |
| 7:45 | Dryad |
| 7:46 | Strength of the Wild |
| 8:10 | Entangling Roots |
| 8:22 | Acid Bomb |
| 9:04 | Tree of Eternity |
| 9:22 | Dryad |
| 9:52 | Lesser Clarity Potion |
| 10:17 | Tree of Life |
| 10:21 | Reinforced Hides |
| 10:52 | Ancient Protector |
| 11:12 | Healing Spray |
| 11:21 | Moon Well |
| 11:26 | Hardened Skin |
| 11:26 | Resistant Skin |
| 11:27 | Well Spring |
| 11:40 | Staff of Preservation |
| 11:40 | Orb of Venom |
| 12:00 | Chimaera Roost |
| 12:18 | Wisp |
| 12:19 | Wisp |
| 12:19 | Wisp |
| 12:19 | Wisp |
| 12:19 | Wisp |
| 13:13 | Scroll of Town Portal |
| 13:20 | Healing Spray |
| 13:41 | Potion of Healing |
| 13:49 | Entangling Roots |
| 13:57 | Mountain Giant |
| 14:08 | Dryad |
| 14:16 | Potion of Healing |
| 14:47 | Wisp |
| 14:48 | Wisp |
| 14:48 | Wisp |
| 14:48 | Wisp |
| 15:01 | Wisp |
| 15:01 | Wisp |
| 15:01 | Wisp |
| 15:01 | Wisp |
| 15:10 | Ancient Protector |
| 15:13 | Dryad |
| 15:15 | Wisp |
| 15:45 | Wisp |
| 15:48 | Dryad |
| 16:09 | Chimaera |
| 16:24 | Moonstone |
| 16:25 | Lesser Clarity Potion |
| 16:32 | Mountain Giant |
| 17:03 | Dryad |
| 17:37 | Chimaera |
| 17:53 | Moon Well |
| 18:16 | Scroll of Town Portal |
| 18:19 | Moonstone |
| 18:20 | Lesser Clarity Potion |
| 18:35 | Staff of Preservation |
| 18:36 | Potion of Healing |
| 18:36 | Orb of Venom |
| 18:49 | Corrosive Breath |
| 19:07 | Improved Reinforced Hides |
| 19:28 | Tree of Life |
| 20:38 | Mountain Giant |
| 20:51 | Chimaera |
| 21:12 | Acid Bomb |
| 21:26 | Dryad |
| Right click | 1693 |
| Select group | 1337 |
| Select | 454 |
| Build/train/purchase | 137 |
| Misc. action | 98 |
| Use ability | 93 |
| Assign group | 65 |
| Chat | 23 |
| Resource trade | 8 |
| Item give/drop | 7 |
| Minimap ping | 4 |
| Esc | 2 |